 Dungeon Crawl Stone Soup version 0.31.0-12-g77e489cdc1 (webtiles) character file.

Game seed: 18401842531925307760

28 chippings the Ruffian (level 2, -3/24 HPs)
             Began as a Draconian Shapeshifter on Mar 6, 2024.
             Slain by an adder (4 damage)
             ... on level 2 of the Dungeon.
             The game lasted 00:02:40 (1189 turns).

chippings the Ruffian (Draconian Shapeshifter)      Turns: 1189, Time: 00:02:40

Health: -3/24      AC:  4    Str: 16    XL:     2   Next: 96%
Magic:  2/2        EV: 12    Int: 10    God:
Gold:   55         SH:  0    Dex: 10    Spells: 1/1 levels left

rFire   . .          .
                       - Unarmed
rCold   + . .        (no shield)
rNeg    . . .        (body armour unavailable)
rPois   .            (helmet currently unavailable)
rElec   .            (cloak currently unavailable)
rCorr   .            (gloves currently unavailable)
SInv    .            (boots currently unavailable)
Will    .....        (no amulet)
Stlth   +            m - ring of protection from cold
HPRegen 0.24/turn    (no ring)
MPRegen 0.08/turn

%: no passive effects
@: lethally poisoned (-3 -> -9), beast-form, attractive
A: beast (slay +1), AC +4, unfitting armour, cold-blooded
a: Begin Untransformation


You were on level 2 of the Dungeon.
You were a hulking beast.
You visited 1 branch of the dungeon, and saw 2 of its levels.

You collected 55 gold pieces.

Inventory:

Jewellery
 m - a ring of protection from cold (left hand)
Talismans
 b - a beast talisman (active)
 c - a flux talisman
Scrolls
 e - a scroll of amnesia {unknown}
 f - a scroll of noise {unknown}
 i - a scroll of teleportation {unknown}
 k - a scroll of enchant armour {unknown}
 l - a scroll of brand weapon {unknown}
Potions
 a - a potion of lignification
 d - a potion of attraction
 g - a potion of haste {unknown}
 h - 2 potions of degeneration {unknown}
 j - 2 potions of ambrosia {unknown}
 n - a potion of resistance {unknown}


   Skills:
 + Level 1.7 Fighting
 + Level 2.1 Dodging
 * Level 3.5 Unarmed Combat
 + Level 3.2 Shapeshifting


You had one spell level left.
You didn't know any spells.
Your spell library was empty.

Dungeon Overview and Level Annotations

Branches:
Dungeon (2/15)

Altars:

Shops:
D:2 !


Innate Abilities, Weirdness & Mutations

You are a hulking beast.
Your limbs bulge with bestial killing power. (Slay +1)
Your plain brown scales are hard. (AC +4)
You cannot fit into any form of body armour.
You are cold-blooded and may be slowed by cold attacks.


Message History

The ball python attacks as it pursues you!
The ball python barely misses you. The ball python closely misses you.
The adder completely misses you. The ball python closely misses you.
The ball python barely misses you. The adder attacks as it pursues you!
The adder barely misses you.
The ball python attacks as it pursues you!
The ball python bites you but does no damage.
The ball python closely misses you. The adder attacks as it pursues you!
The adder bites you.
You are poisoned.
The adder poisons you! The adder bites you.
There is a stone staircase leading down here.
You miss the adder.
Your tail-slap misses the adder.
You feel sick. The adder bites you but does no damage.
You miss the adder.
You feel sick. The adder bites you but does no damage.
You closely miss the adder.
You feel sick. The adder bites you.
You are more poisoned.
The adder poisons you!
You closely miss the adder.
Your tail-slap misses the adder.
You feel sick. The adder bites you.
You are more poisoned.
The adder poisons you!
You barely miss the adder.
You feel sick. The adder bites you. x2
You are lethally poisoned!
The adder poisons you!
You hit the adder.
The adder is lightly wounded.
You feel very sick. The adder closely misses you.
You closely miss the adder.
The adder is lightly wounded.
* * * LOW HITPOINT WARNING * * *
You feel very sick. The adder bites you.
* * * LOW HITPOINT WARNING * * *
It was a potion of attraction.
You feel attractive to monsters.
* * * LOW HITPOINT WARNING * * *
You feel sick. The adder bites you.
You die...

..# ...........# #.###.#
..####. #.........#. #.....#
.......# #.........#.#
#..#### ..######
#..$......#.# #..# ..#
#.........#.# #..# ..##
##:..(.....#.# #..# .#.....
.......S...#.# #..# .#.####
###..##S####.####..# .#.#
#..##h####.......#
.#.#########...............##
..........<...........######
.................######
##.#########..#### ##.# #..
#.# #.. #.# .. #.####.#####


You could see an adder and a ball python.

Vanquished Creatures
  A ribbon worm (D:2)
  A ball python (D:2)
  A bat (D:2)
  3 endoplasms
  2 giant cockroaches (D:1)
  2 goblins (D:1)
  3 hobgoblins
  2 kobolds (D:2)
  3 quokkas
  A frilled lizard (D:1)
  3 rats (D:1)
22 creatures vanquished.

Notes
Turn   | Place    | Note
-------+----------+-------------------------------------------
     0 | D:1      | chippings the Draconian Shapeshifter began the quest for
                  | the Orb.
     0 | D:1      | Reached XP level 1. HP: 16/16 MP: 1/1
   238 | D:1      | Reached XP level 2. HP: 13/23 MP: 2/2
   837 | D:2      | Found Qoffaud's Distillery.
   979 | D:2      | Identified the +1 robe of Xom {Int+6}
  1189 | D:2      | HP: 1/24 [poisoned by an adder]
  1189 | D:2      | Slain by an adder

Illustrated notes

Levels and vault maps discovered:
D:1:      minmay_arrival_four_loops, layout_rooms, grunt_decor_junction
D:2:      layout_loops_ring, serial_shops, nicolae_shop_back_alley_shop

Skill      XL: |  1  2 |
---------------+-------+-----
Dodging        | 2 |  2.1
Fighting       | |  1.7
Unarmed Combat | |  3.5
Shapeshifting  | |  3.2

Action                     || total
---------------------------++-------
  Melee: Unarmed           ||    74
         Tailslap          ||     6
Ability: Begin Untransform ||     2
    Use: Potion            ||     1
 Armour: Skin              ||    43
  Dodge: Dodged            ||    38
   Form: Beast             ||     2
